 Dungeon Crawl Stone Soup version 0.31-a0-614-gc85dc1c48c (webtiles) character file.

Game seed: 13423218821864239888

2424 BritishOli the Trooper (level 9, -7/72 HPs)
             Began as a Demonspawn Fighter on Aug 18, 2023.
             Was a Priest of Okawaru.
             Mangled by a gnoll
             ... wielding a +1 battleaxe of electrocution
              (20 damage)
             ... on level 5 of the Dungeon on Aug 22, 2023.
             The game lasted 00:12:02 (5310 turns).

BritishOli the Trooper (Demonspawn Fighter)         Turns: 5310, Time: 00:12:02

Health: -7/72      AC: 13    Str: 20    XL:     9   Next: 24%
Magic:  9/9        EV:  5    Int: 11    God:    Okawaru [***...]
Gold:   578        SH:  9    Dex: 14    Spells: 8/8 levels left

rFire   . . .        a - +0 war axe
rCold   . . .        r - +0 kite shield
rNeg    . . .        q - +0 plate armour
rPois   .            (no helmet)
rElec   .            (no cloak)
rCorr   +            (no gloves)
SInv    .            (no boots)
Will    .....        t - amulet of regeneration Stlth
                     y - ring of resist corrosion
HPRegen 1.12/turn    (no ring)
MPRegen 0.11/turn

%: no passive effects
@: no status effects
A: claws 2, thin skeletal structure 1, foul stench 1, powered by death 1
a: Renounce Religion, Heroism


You were on level 5 of the Dungeon.
You worshipped Okawaru.
Okawaru was most pleased with you.
You visited 2 branches of the dungeon, and saw 7 of its levels.
You also visited: Ossuary.

You collected 578 gold pieces.

Inventory:

Hand Weapons
 a - a +0 war axe (weapon)
Armour
 q - a +0 plate armour (worn)
 r - a +0 kite shield (worn)
Jewellery
 t - an amulet of regeneration (around neck)
 y - a ring of resist corrosion (left claw)
Wands
 c - a wand of polymorph (10)
 s - a wand of charming (6)
 v - a wand of flame (21)
Scrolls
 e - a scroll of acquirement {unknown}
 g - 3 scrolls of poison
 i - 2 scrolls of blinking
 l - 2 scrolls of brand weapon
 o - a scroll of immolation {unknown}
 x - a scroll of enchant armour {unknown}
 B - 2 scrolls of amnesia
Potions
 d - 3 potions of might
 f - a potion of mutation {unknown}
 h - 2 potions of curing
 j - 2 potions of brilliance {unknown}
 k - a potion of heal wounds
 m - 3 potions of enlightenment {unknown}
 n - a potion of berserk rage {unknown}
 p - 4 potions of ambrosia {unknown}
 u - 2 potions of degeneration {unknown}
 w - a potion of haste {unknown}
 z - a potion of invisibility {unknown}
 A - a potion of attraction {unknown}


   Skills:
 + Level 7.5 Fighting
 + Level 6.5 Axes
 + Level 6.8 Armour
 - Level 4.2 Shields


You had 8 spell levels left.
You didn't know any spells.
Your spell library contained the following spells:

 Spells                   Type           Power      Damage    Failure   Level
 Apportation              Tloc           0%         N/A       100%        1
 Lesser Beckoning         Tloc           0%         N/A       100%        2
 Dazzling Flash           Conj/Hex       0%         N/A       100%        3
 Gell's Gravitas          Tloc           0%         N/A       100%        3
 Teleport Other           Tloc           0%         N/A       100%        3
 Agony                    Necr           0%         N/A       100%        5
 Alistair's Intoxication  Tmut/Pois      0%         N/A       100%        5
 Silence                  Hex/Air        0%         N/A       100%        5


Dungeon Overview and Level Annotations

Branches:
Dungeon (6/15)             Temple (1/1) D:4         Ossuary (visited)

Altars:
Ashenzari
Dithmenos
Fedhas
Gozag
Hepliaklqana
Kikubaaqudgha
Nemelex Xobeh
Okawaru
Ru
Sif Muna
Uskayaw
Vehumet
Wu Jian
Xom
Yredelemnul

Shops:
D:1 [   D:5 (:[(


Innate Abilities, Weirdness & Mutations

You have very sharp fingernails.
You have a somewhat thin skeletal structure. (Dex +2, Stealth+)
You may rarely emit foul miasma when damaged in melee.
You regenerate a little health from kills.


Message History

The puff of flame misses the orc warrior.
Aiming: Throw Flame
Press: ? - help, Shift-Dir - straight line, f/p - orc warrior
Aim: an orc warrior, wielding a +1 battleaxe of electrocution and wearing a +0 chain mail (heavily wounded, 64% to hit)
The puff of flame misses the orc warrior.
Aiming: Polymorph
Press: ? - help, Shift-Dir - straight line, f/p - orc warrior
Aim: an orc warrior, wielding a +1 battleaxe of electrocution and wearing a +0 chain mail (heavily wounded, will become a boggart, a gnoll, or a centaur, chance to affect: 49%)
The orc warrior resists with some effort.
There's nothing to close nearby.
Aiming: Polymorph
Press: ? - help, Shift-Dir - straight line, f/p - orc warrior
Aim: an orc warrior, wielding a +1 battleaxe of electrocution and wearing a +0 chain mail (heavily wounded, will become a boggart, a gnoll, or a centaur, chance to affect: 49%)
The orc warrior resists with some effort.
Aiming: Polymorph
Press: ? - help, Shift-Dir - straight line, f/p - orc warrior
Aim: an orc warrior, wielding a +1 battleaxe of electrocution and wearing a +0 chain mail (heavily wounded, will become a boggart, a gnoll, or a centaur, chance to affect: 49%)
The orc warrior evaporates and reforms as a gnoll!
The gnoll picks up a +1 battleaxe of electrocution.
The gnoll wields a +1 battleaxe of electrocution.
You hear the crackle of electricity.
The gnoll picks up a +0 chain mail.
The gnoll wears a +0 chain mail.
The gnoll picks up some gold.
You hit the gnoll.
The gnoll is moderately wounded.
The gnoll barely misses you.
You closely miss the gnoll.
The gnoll is moderately wounded.
The gnoll hits you with a +1 battleaxe of electrocution.
* * * LOW HITPOINT WARNING * * *
You hit the gnoll but do no damage.
The gnoll is moderately wounded.
The gnoll hits you with a +1 battleaxe of electrocution.
* * * LOW HITPOINT WARNING * * *
You hit the gnoll.
The gnoll is heavily wounded.
The gnoll hits you with a +1 battleaxe of electrocution.
* * * LOW HITPOINT WARNING * * *
You are electrocuted!!
You die...

....##
##.....###..##.....##.##
.....###...........#.....###.#
....................|...## #.#
##.......###......##...#####.#
##...#..# ###...####........#
#...#..## ##.## ##....####
####.###..## #..# #.####
..##.###...# #..## #.##
......#....###..@#####..###
.................g...#....###
............................#
#.#.................###....##
.∩.............###..# ##...##
#.#...........## #>.# #....#
.............## ##[# ##...##
..........#..# ### #.#..##
............## #.#...#


You could see a gnoll.

Vanquished Creatures
  Sigmund (D:6)
  A water moccasin (D:5)
  An orc warrior (D:6)
  An ice beast (D:5)
  4 ogres
  A centaur (D:6)
  A phantom (D:6)
  An elf zombie (Ossuary)
  A gnoll sergeant (D:5)
  A bullfrog (D:6)
  7 scorpions
  5 howler monkeys
  2 human zombies (Ossuary)
  6 hounds
  An orc priest (D:4)
  3 iguanas
  Ijyb (D:3)
  4 orc wizards
  2 mummies (Ossuary)
  A gnoll (D:6)
  3 adders
  A shadow imp (D:6)
  2 white imps
  A worm (D:4)
  2 dart slugs
  26 orcs
  2 endoplasms
  2 giant cockroaches (D:1)
  3 gnoll zombies (Ossuary)
  6 hobgoblins
  3 jackals (D:2)
  10 kobolds
  A quokka (D:2)
  5 ball pythons
  7 bats
  6 frilled lizards
  5 goblins
  4 goblin zombies (Ossuary)
  3 hobgoblin zombies (Ossuary)
  An orc zombie (Ossuary)
  8 rats
146 creatures vanquished.

Vanquished Creatures (collateral kills)
  A frilled lizard (D:3)
  A rat (D:3)
2 creatures vanquished.

Grand Total: 148 creatures vanquished

Notes
Turn   | Place    | Note
-------+----------+-------------------------------------------
     0 | D:1      | BritishOli the Demonspawn Fighter began the quest for the
                  | Orb.
     0 | D:1      | Reached XP level 1. HP: 18/18 MP: 1/1
    65 | D:1      | Found Idat's Antique Armour Shop.
   421 | D:1      | Gained mutation: You regenerate a little health from kills.
                  | [demonic ancestry]
   421 | D:1      | Reached XP level 2. HP: 24/24 MP: 2/2
   476 | D:1      | Found a faded altar of an unknown god.
  1020 | D:2      | Reached XP level 3. HP: 11/29 MP: 3/3
  1182 | D:2      | Noticed a scorpion
  1200 | D:2      | Killed a scorpion
  1201 | D:2      | Reached XP level 4. HP: 24/37 MP: 4/4
  1635 | D:3      | Noticed Ijyb
  1653 | D:3      | Killed Ijyb
  1654 | D:3      | Gained mutation: You have a somewhat thin skeletal
                  | structure. (Dex +2, Stealth+) [demonic ancestry]
  1654 | D:3      | Reached XP level 5. HP: 34/42 MP: 5/5
  1846 | D:3      | Reached skill level 4 in Fighting
  2022 | D:3      | Upgraded the game from 0.31-a0-569-g7ea453304b to
                  | 0.31-a0-614-gc85dc1c48c
  2236 | D:4      | Found a staircase to the Ecumenical Temple.
  2255 | Temple   | Entered the Ecumenical Temple
  2306 | Temple   | Became a worshipper of Warmaster Okawaru
  2384 | D:4      | Gained mutation: You may rarely emit foul miasma when
                  | damaged in melee. [demonic ancestry]
  2384 | D:4      | Reached XP level 6. HP: 38/48 MP: 6/6
  2800 | D:4      | Found a sacrificial altar of Ru.
  3175 | D:5      | Entered Level 5 of the Dungeon
  3210 | D:5      | Found a sand-covered staircase.
  3219 | Ossuary  | Entered an ossuary
  3246 | Ossuary  | Reached XP level 7. HP: 55/55 MP: 7/7
  3267 | Ossuary  | Reached * piety under Okawaru
  3269 | Ossuary  | Reached skill level 5 in Fighting
  3504 | D:5      | Found Faweda's Antique Armour Shoppe.
  3526 | D:5      | Found Gimekuke's Antique Weapon Shoppe.
  3798 | D:5      | Reached skill level 5 in Armour
  3933 | D:5      | Found Iwuesump's Book Boutique.
  3995 | D:5      | Gained mutation: You have sharp fingernails. [demonic
                  | ancestry]
  3995 | D:5      | Reached XP level 8. HP: 64/64 MP: 8/8
  4016 | D:5      | Reached skill level 5 in Axes
  4094 | D:5      | Reached ** piety under Okawaru
  4095 | D:5      | Reached skill level 6 in Fighting
  4112 | D:5      | Found Atzoh's Weapon Shoppe.
  4855 | D:6      | Reached skill level 7 in Fighting
  5044 | D:6      | Noticed Sigmund
  5085 | D:5      | Gained mutation: You have very sharp fingernails. [demonic
                  | ancestry]
  5085 | D:5      | Reached XP level 9. HP: 72/72 MP: 9/9
  5099 | D:6      | Killed Sigmund
  5099 | D:6      | Reached *** piety under Okawaru
  5310 | D:5      | Mangled by a gnoll

Illustrated notes

Levels and vault maps discovered:
D:1:      shiori_shiawase, layout_basic, hellmonk_ecumenical_altar_run_dry,
          serial_shops, nicolae_shop_dealshenge, nicolae_titane
D:2:      layout_basic, nicolae_elevator_lobby_asterisk
D:3:      layout_rooms, lemuel_crystal_altar, lexackson_kobold_supper, uniq_ijyb
D:4:      layout_basic, nicolae_ru_awakened_eye,
          minmay_temple_entry_glassed_door
D:5:      layout_layer_cave, nicolae_ossuary_entry_monument, serial_shops,
          nicolae_shop_gibbet_a_chance, nicolae_shop_crystal, shop,
          nicolae_take_the_stairs, chequers_serial_rivers_micro_e
D:6:      lemuel_castle_with_subvaults [lemuel_castle_interior_carwin_2],
          layout_loops_cross, uniq_blork_the_orc, uniq_sigmund
Temple:   kb_temple_of_zot

Skill      XL: |  1  2  3  4  5  6  7  8 |
---------------+-------------------------+-----
Axes           | 2 3 4 6 |  6.5
Shields        | 3 4 |  4.2
Armour         | 3 4 5 6 |  6.8
Fighting       | 4 5 7 |  7.5

Action                     |  1- 3 |  4- 6 |  7- 9 || total
---------------------------+-------+-------+-------++-------
  Melee: War axe           |   109 |   172 |   229 ||   510
 Invoke: Heroism           |       |       |     1 ||     1
  Evoke: Wand              |       |     1 |     5 ||     6
    Use: Potion            |       |     1 |     1 ||     2
         Scroll            |       |       |     6 ||     6
 Armour: Scale mail        |    62 |    58 |       ||   120
         Plate armour      |       |    67 |   198 ||   265
  Dodge: Dodged            |    56 |    65 |    75 ||   196
  Block: Buckler           |    30 |    29 |       ||    59
         Kite shield       |       |    43 |   157 ||   200

Table legend: (Time is in decaauts)
 A = Elapsed time spent in this place.
 B = Non-inter-level travel time spent in this place.
 C = Inter-level travel time spent in this place.
 D = Time resting spent in this place.
 E = Time spent auto-exploring this place.
 F = Levels seen in this place.
 G = Mean time per level.
                   A        B        C        D        E       F      G
               +--------+--------+--------+--------+--------+-----+--------+
         Total |   5523 |   5190 |    333 |    344 |   3585 |   8 |  690.4 |
       Dungeon |   5292 |   5030 |    262 |    344 |   3530 |   6 |  882.0 |
        Temple |     80 |      9 |     71 |      0 |      0 |   1 |   80.0 |
       Ossuary |    150 |    150 |      0 |      0 |     55 |   1 |  150.0 |
               +--------+--------+--------+--------+--------+-----+--------+

Top non-repeatable levels by time:
     D:5: 1669 daAuts
     D:1: 962 daAuts
     D:4: 899 daAuts
     D:3: 722 daAuts
     D:2: 617 daAuts
     D:6: 421 daAuts
 Ossuary: 150 daAuts
  Temple: 80 daAuts
